 Dungeon Crawl Stone Soup version 0.25.1-2-g60ff931df9 (webtiles) character file.

Game seed: 16232371871095794864

12810 JayGee the Blocker (level 11, -1/101 HPs)
             Began as a Minotaur Fighter on Oct 2, 2020.
             Was an Elder of Makhleb.
             Killed by divine providence
             ... invoked by an orc high priest
              (13 damage)
             ... on level 1 of the Orcish Mines on Oct 3, 2020.
             The game lasted 01:19:51 (12809 turns).

JayGee the Blocker (Minotaur Fighter)              Turns: 12809, Time: 01:19:52

Health: -1/101     AC: 17    Str: 24    XL:     11   Next: 67%
Magic:  14/14      EV: 10    Int:  5    God:    Makhleb [****..]
Gold:   468        SH: 12    Dex: 10    Spells: 6/10 levels left

rFire    + . .     SeeInvis .   U - +0 war axe (flame)
rCold    . . .     Gourm    .   c - +0 kite shield
rNeg     . . .     Faith    .   T - +1 plate armour {rF+}
rPois    .         Spirit   .   (helmet restricted)
rElec    .         Reflect  .   (no cloak)
rCorr    .         Harm     .   H - +0 pair of gloves
MR       +....                  (no boots)
Stlth    ..........             e - amulet of regeneration
HPRegen  0.66/turn              t - +4 ring of evasion
MPRegen  0.14/turn              L - ring of wizardry

@: no status effects
A: retaliatory headbutt, horns 2, magic resistance 1, wild magic 1
a: Minor Destruction, Lesser Servant of Makhleb, Major Destruction, Renounce
Religion


You were on level 1 of the Orcish Mines.
You worshipped Makhleb.
Makhleb was greatly pleased with you.
You were hungry.

You visited 3 branches of the dungeon, and saw 13 of its levels.

You collected 858 gold pieces.
You spent 390 gold pieces at shops.

Inventory:

Hand Weapons
 M - a +1 morningstar
 O - a +3 flail
 U - a +0 war axe of flaming (weapon)
Missiles
 o - 3 boomerangs of dispersal (quivered)
Armour
 c - a +0 kite shield (worn)
 H - a +0 pair of gloves (worn)
 T - a +1 plate armour of fire resistance (worn)
Jewellery
 e - an amulet of regeneration (around neck)
 n - an uncursed amulet of the acrobat
 t - a +4 ring of evasion (left hand)
 D - an uncursed ring of protection from cold
 L - a ring of wizardry (right hand)
 P - an uncursed ring of positive energy
 Q - an uncursed ring of wizardry
Wands
 d - a wand of paralysis (9)
 w - a wand of flame (19)
 F - a wand of clouds (4)
 J - a wand of polymorph (17)
 S - a wand of digging (5)
Scrolls
 k - 2 scrolls of enchant armour {unknown}
 q - 4 scrolls of remove curse {unknown}
 u - 4 scrolls of identify
 x - a scroll of blinking {unknown}
 y - 2 scrolls of enchant weapon {unknown}
 z - a scroll of magic mapping
 A - 2 scrolls of fear {unknown}
 B - 2 scrolls of amnesia
 E - a scroll of immolation {unknown}
 K - 2 scrolls of fog {unknown}
 N - a scroll of noise {unknown}
Potions
 b - a potion of ambrosia {unknown}
 g - 2 potions of lignification
 i - a potion of stabbing
 j - 2 potions of brilliance
 l - 7 potions of curing
 m - a potion of mutation
 p - a potion of magic {unknown}
 s - 2 potions of degeneration
 v - 3 potions of heal wounds
 C - a potion of invisibility
 G - 2 potions of might
 R - a potion of resistance {unknown}
Comestibles
 f - 12 rations
 h - 8 chunks of flesh


   Skills:
 + Level 10.8 Fighting
 + Level 10.6 Axes
 + Level 10.9 Armour
 + Level 10.9 Shields
 + Level 3.2 Ice Magic
 + Level 6.0 Invocations


You had 6 spell levels left.
You knew the following spells:

 Your Spells              Type           Power        Failure   Level  Hunger
a - Freeze                Ice            #...         71%         1    ##.....
b - Frozen Ramparts       Ice            #.....       96%         3    ####...

Your spell library contained the following spells:

 Spells                   Type           Power        Failure   Level  Hunger
 Ozocubu's Armour         Chrm/Ice       #.......     99%         3    ####...
 Spectral Weapon          Hex/Chrm       #.......     100%        3    ####...
 Hailstorm                Conj/Ice       #.......     100%        4    #####..
 Summon Ice Beast         Ice/Summ       #.......     100%        4    #####..
 Metabolic Englaciation   Hex/Ice        #.........   100%        5    ######.


Dungeon Overview and Level Annotations

Branches:
Dungeon (11/15)            Temple (1/1) D:5            Lair (0/6) D:11
    Orc (1/2) D:11

Altars:
Ashenzari
Cheibriados
Dithmenos
Elyvilon
Fedhas
Gozag
Hepliaklqana
Kikubaaqudgha
Makhleb
Nemelex Xobeh
Okawaru
Qazlal
Ru
Sif Muna
Trog
Uskayaw
Vehumet
Wu Jian
Xom
Yredelemnul
Zin
The Shining One

Shops:
D:5 *   D:6 =   D:7 [   Orc:1 *


Innate Abilities, Weirdness & Mutations

You reflexively headbutt those who attack you in melee.
You have a pair of horns on your head.
You are resistant to hostile enchantments. (MR+)
Your spells are a little harder to cast, but a little more powerful.


Message History

You climb downwards.
Welcome back to the Orcish Mines!
The ufetubus hits you but does no damage.
You block the ufetubus's attack. The ufetubus barely misses you.
The ufetubus hits you but does no damage.
You block the ufetubus's attack. The ufetubus closely misses you.
You block the sun demon's attack. The ufetubus barely misses you.
You furiously retaliate!
You headbutt the ufetubus!
You kill the ufetubus!
The ufetubus hits you but does no damage.
The ufetubus closely misses you. The ufetubus barely misses you.
The ufetubus closely misses you. The sun demon hits you!
* * * LOW HITPOINT WARNING * * *
You are engulfed in flames!
You resist.
* * * LOW HITPOINT WARNING * * *
The orc wizard casts a spell at you. The magic dart hits you.
* * * LOW HITPOINT WARNING * * *
The orc high priest calls down the wrath of Beogh upon you.
Beogh smites you!
You die...

###....#........^.#
##.........#......##
#.........#........#
##...#.....#8.......#.##
##...#.....o.>..........#
#...###....8.∩.8........#
#
#......#..o...##.....#.##
...
##........o3)8....#.####
....#)#.....[.35@[....###
oo...[)...([....#5...##
.#.......##..#...#...#
##.......#...#.###.##
...........#o#### ##
..#.........##
............#
..............
........##..#..


You could see an orc high priest, a sun demon (summoned), a ynoxinul (summoned),
2 orc warriors, an orc wizard and 2 ufetubi.

Vanquished Creatures
  Harold (D:10)
  A two-headed ogre (D:6)
  An unseen horror (D:9)
  Pikel (D:5)
  An orc knight (D:11)
  An ugly thing (D:9)
  A manticore (D:11)
  Maurice (D:8)
  Joseph (D:10)
  A troll (D:9)
  2 dream sheep (D:8)
  3 hippogriffs
  5 yaks
  A wyvern (D:8)
  3 hungry ghosts
  Menkaure (D:5)
  Edmund (Temple)
  A soldier ant (D:10)
  3 slaves (D:5)
  2 black bears
  6 ice beasts
  10 orc warriors
  2 sky beasts
  3 phantoms
  5 ogres
  4 centaurs
  3 big kobolds
  5 bullfrogs
  5 scorpions
  5 wights (D:10)
  An electric eel (D:10)
  5 bullfrog zombies
  3 crimson imps
  4 jellies
  A centaur skeleton (D:4)
  Crazy Yiuf (D:2)
  3 bullfrog skeletons
  5 hounds
  14 orc priests
  12 orc wizards
  Jessica (D:2)
  3 iguanas
  Ijyb (D:5)
  9 worker ants
  2 hound zombies
  A howler monkey zombie (D:8)
  2 worker ant zombies
  14 adders
  3 shadow imps
  An ooze (D:2)
  2 adder zombies
  2 worms (D:3)
  2 dart slugs
  2 leopard geckos
  40 orcs
  3 giant cockroaches
  5 goblins
  8 hobgoblins
  14 jackals
  3 kobolds
  2 quokkas
  2 ball pythons (D:5)
  11 bats
  6 frilled lizards
  A leopard gecko skeleton (D:5)
  2 quokka skeletons
  5 rats
  3 fungi (D:6)
  5 toadstools (D:6)
284 creatures vanquished.

Notes
Turn   | Place    | Note
-------+----------+-------------------------------------------
     0 | D:1      | JayGee the Minotaur Fighter began the quest for the Orb.
     0 | D:1      | Reached XP level 1. HP: 19/19 MP: 0/0
   151 | D:1      | Reached XP level 2. HP: 27/27 MP: 1/1
   633 | D:2      | Reached XP level 3. HP: 33/33 MP: 2/2
   647 | D:2      | Noticed Jessica
   653 | D:2      | Killed Jessica
   839 | D:2      | Reached XP level 4. HP: 40/40 MP: 3/3
  1273 | D:2      | Found a runed translucent door.
  1274 | D:2      | Noticed Crazy Yiuf
  1282 | D:2      | Killed Crazy Yiuf
  1700 | D:3      | Found a glowing silver altar of Zin.
  1700 | D:3      | Noticed an angel
  1706 | D:3      | Found a shimmering altar of Xom.
  1743 | D:3      | Reached XP level 5. HP: 47/47 MP: 4/4
  2532 | D:4      | Reached skill level 5 in Armour
  2532 | D:4      | Reached skill level 5 in Shields
  2550 | D:4      | Reached skill level 5 in Fighting
  2658 | D:4      | Reached XP level 6. HP: 56/56 MP: 5/5
  3534 | D:5      | Entered Level 5 of the Dungeon
  3539 | D:5      | Found a glowing golden altar of the Shining One.
  3564 | D:5      | Reached skill level 5 in Axes
  3564 | D:5      | Reached XP level 7. HP: 53/62 MP: 6/6
  3775 | D:5      | Noticed Menkaure
  4095 | D:5      | Killed Menkaure
  4317 | D:5      | Noticed Edmund
  4327 | D:5      | Found a staircase to the Ecumenical Temple.
  4341 | Temple   | Entered the Ecumenical Temple
  4411 | Temple   | Became a worshipper of Makhleb the Destroyer
  4623 | Temple   | Killed Edmund
  4802 | D:5      | Reached XP level 8. HP: 69/71 MP: 7/7
  4823 | D:5      | Noticed Pikel
  4844 | D:5      | Killed Pikel
  5119 | D:5      | Noticed Ijyb
  5119 | D:5      | Paralysed by Ijyb for 7 turns
  5130 | D:5      | Killed Ijyb
  5500 | D:5      | Found a glowing golden altar of the Shining One.
  5545 | D:5      | Found an opulent altar of Gozag.
  5548 | D:5      | Found Gozag's Platinum Reserve.
  5780 | D:5      | Gained mutation: You are resistant to hostile enchantments.
                  | (MR+) [potion of mutation]
  5780 | D:5      | Gained mutation: Your spells are a little harder to cast,
                  | but a little more powerful. [potion of mutation]
  5849 | D:6      | Reached XP level 9. HP: 81/81 MP: 8/8
  5871 | D:6      | Found a sacrificial altar of Ru.
  5880 | D:6      | Found a white marble altar of Elyvilon.
  5880 | D:6      | Found an ancient bone altar of Kikubaaqudgha.
  6013 | D:6      | Found Ucymim's Jewellery Emporium.
  6018 | D:6      | Bought an uncursed amulet of regeneration for 390 gold
                  | pieces
  6061 | D:6      | Reached * piety under Makhleb
  6071 | D:6      | Reached skill level 1 in Invocations
  6202 | D:6      | Found a faded altar of an unknown god.
  6202 | D:6      | Found a radiant altar of Vehumet.
  6211 | D:6      | Found a faded altar of an unknown god.
  6214 | D:6      | Found a basalt altar of Yredelemnul.
  6216 | D:6      | Found a shimmering blue altar of Sif Muna.
  6781 | D:7      | Noticed a two-headed ogre
  6819 | D:6      | Killed a two-headed ogre
  7080 | D:7      | Reached XP level 10. HP: 85/91 MP: 11/11
  7097 | D:7      | Reached ** piety under Makhleb
  7448 | D:7      | Found a hide-covered altar of Uskayaw.
  7452 | D:7      | Found a hazy altar of Hepliaklqana.
  7726 | D:7      | Found Ofumaife's Armour Shoppe.
  8132 | D:8      | Found a shattered altar of Ashenzari.
  8224 | D:8      | Learned a level 1 spell: Freeze
  8228 | D:8      | Learned a level 3 spell: Frozen Ramparts
  8301 | D:8      | Reached skill level 1 in Ice Magic
  8343 | D:8      | Noticed a two-headed hydra
  8728 | D:8      | Noticed Maurice
  8745 | D:8      | Killed Maurice
  9401 | D:9      | Noticed a white ugly thing
  9448 | D:9      | Killed a white ugly thing
  9448 | D:9      | Reached *** piety under Makhleb
  9448 | D:9      | Reached skill level 10 in Shields
  9622 | D:9      | Reached skill level 10 in Armour
  9810 | D:9      | Reached skill level 10 in Fighting
  9939 | D:9      | Reached skill level 5 in Invocations
 10012 | D:10     | Entered Level 10 of the Dungeon
 10364 | D:10     | Reached XP level 11. HP: 99/99 MP: 13/13
 10682 | D:10     | Noticed Harold
 10729 | D:10     | Killed Harold
 10729 | D:10     | Reached skill level 10 in Axes
 10919 | D:9      | Killed an unseen horror
 11150 | D:10     | Noticed Joseph
 11168 | D:10     | Killed Joseph
 11616 | D:10     | Identified Woarph's Incunabulum of Boosts and the Glacier
 12048 | D:11     | Found a staircase to the Orcish Mines.
 12191 | Orc:1    | Entered Level 1 of the Orcish Mines
 12191 | Orc:1    | Found Bounoucoi's General Store.
 12249 | Orc:1    | Reached **** piety under Makhleb
 12386 | Orc:1    | Noticed an orc high priest
 12393 | Orc:1    | Noticed an orc knight
 12537 | D:11     | Found a staircase to the Lair.
 12766 | D:11     | Killed an orc knight
 12775 | Orc:1    | Noticed a sun demon
 12809 | Orc:1    | Killed from afar by an orc high priest

Illustrated notes

Levels and vault maps discovered:
D:1:      lemuel_arrival_cross, layout_rooms
D:2:      layout_basic, first_ration, minmay_misc_feat_square,
          chequers_serial_rivers_micro_c, minmay_misc_feat_iff, uniq_jessica,
          uniq_crazy_yiuf_cottage
D:3:      layout_basic, grunt_temple_overflow_order_and_chaos_1
D:4:      layout_loops_cross
D:5:      layout_basic, tso_oasis_becter, nicolae_gozag_zags_fifth_avenue,
          minmay_temple_entry_butterflies, basic_altar,
          kennysheep_decorative_pillar, minmay_diced_spiral, uniq_ijyb,
          uniq_edmund, uniq_pikel, uniq_menkaure
D:6:      layout_basic, chequers_temple_overflow_statue_of_worship,
          chequers_temple_overflow_minitemple, serial_shops, shop_statue,
          minmay_gold_behind_fungi
D:7:      layout_basic, nicolae_overflow_hidden_temple, serial_shops,
          kennysheep_mini
D:8:      layout_basic, ashenzari_conservatory_becter, hangedman_ranch
          [blue_anna_fruit_fields], dk_noncrumbling_4, minmay_misc_feat_cross,
          uniq_maurice
D:9:      layout_basic
D:10:     layout_basic, minivault_26, uniq_joseph, uniq_harold
D:11:     layout_gridville, lair_entry_dummy, orc_0_dummy
Temple:   jpeg_temple_island
Orc:1:    layout_caves, serial_shops, nicolae_shop_statue_plus, shop_statue,
          nicolae_shop_trees, nicolae_shop_statue_plus

Skill      XL: |  1  2  3  4  5  6  7  8  9 10 11 |
---------------+----------------------------------+-----
Shields        | 4 5 6 8 9 10 | 10.9
Fighting       | 4 5 6 7 9 10 | 10.8
Armour         | 4 5 6 7 9 10 | 10.9
Axes           | 3 4 5 6 7 8 9 10 | 10.6
Invocations    | 3 5 6 |  6.0
Ice Magic      | 2 3 |  3.2

Action                   |  1- 3 |  4- 6 |  7- 9 | 10-12 || total
-------------------------+-------+-------+-------+-------++-------
Melee: War axe           |    48 |   143 |   293 |   519 ||  1003
       Headbutt          |     5 |    21 |    59 |    98 ||   183
Invok: Minor Destruction |       |       |       |     4 ||     4
       Lesser Servant of |       |       |       |     2 ||     2
Evoke: Wand              |       |       |       |     1 ||     1
  Use: Scroll            |       |     2 |     3 |     8 ||    13
       Potion            |       |     2 |     9 |     2 ||    13
  Eat: Chunk             |       |     5 |     7 |    11 ||    23
       Ration            |       |     1 |     3 |     3 ||     7
Armor: Scale mail        |    38 |     4 |       |       ||    42
       Plate armour      |       |    88 |   125 |   273 ||   486
       Skin              |       |     4 |       |       ||     4
Dodge: Dodged            |    21 |    43 |   110 |   187 ||   361
Block: Kite shield       |    33 |    86 |   192 |   311 ||   622
